 Dungeon Crawl Stone Soup version bcrawl-1.13 (webtiles) character file.

Game seed: 12570335167142525681

8732 RedPan the Martial Artist (level 11, -11/84 HPs)
             Began as a Purple Draconian Transmuter on July 25, 2019.
             Was a Priest of Makhleb.
             Mangled by a phantasmal warrior (28 damage)
             ... led by a death knight
             ... on level 9 of the Dungeon.
             The game lasted 00:37:39 (11563 turns).

RedPan the Martial Artist (DrTm)                   Turns: 11563, Time: 00:37:40

Health: -11/84     AC:  2    Str: 12    XL:     11   Next: 13%
Magic:  17/17      EV: 27    Int: 16    God:    Makhleb [***...]
Gold:   286        SH:  0    Dex: 18    Spells: 5/18 levels left

rFire    + . .     SeeInvis .     - Unarmed
rCold    . . .     Gourm    .   (shield currently unavailable)
rNeg     . . .     Faith    .   (armour unavailable)
rPois    .         Spirit   .   (helmet currently unavailable)
rElec    .         Reflect  .   (cloak currently unavailable)
rCorr    .         Harm     .   (gloves currently unavailable)
MR       +....                  (boots currently unavailable)
Stlth    ++........             A - amulet of magic regeneration
HPRegen  0.24/turn              w - ring of poison resistance
MPRegen  0.40/turn              o - ring of protection from fire

@: spider-form
A: tiny, (breathe power), unfitting armour, AC +7
a: End Transformation, Minor Destruction, Lesser Servant of Makhleb, Renounce
Religion


You were on level 9 of the Dungeon.
You worshipped Makhleb.
Makhleb was most pleased with you.
You were not hungry.
You were a venomous arachnid creature.
You visited 2 branches of the dungeon, and saw 10 of its levels.

You collected 776 gold pieces.
You spent 490 gold pieces at shops.

Inventory:

Missiles
 a - 946 arrows
 e - a throwing net (quivered) {!f}
Armour
 k - a scarf of repulsion (melded)
 q - a +1 cloak
 t - a +0 buckler
 F - a +2 pair of gloves (melded)
Jewellery
 g - an uncursed ring of positive energy
 h - an uncursed ring of ice
 o - a ring of protection from fire (right front leg)
 p - an uncursed ring of fire
 v - an uncursed ring of wizardry
 w - a ring of poison resistance (left front leg)
 A - an amulet of magic regeneration (around neck)
Wands
 r - a wand of enslavement (6)
Scrolls
 n - 2 scrolls of fog
 u - 4 scrolls of teleportation
 y - 2 scrolls of remove curse
 B - a scroll of enchant weapon
 C - a scroll of brand weapon
 E - 2 scrolls of blinking
 G - a scroll of vulnerability {unknown}
 H - a scroll of identify
Potions
 b - a potion of curing
 c - 8 potions of lignification
 f - 4 potions of agility
 i - a potion of might
 j - 3 potions of resistance
 l - 3 potions of flight
 m - 2 potions of brilliance
 s - a potion of haste
 x - a potion of cancellation
 z - a potion of magic
Comestibles
 d - 9 rations {!d}
 D - 4 chunks of flesh


   Skills:
 - Level 4.0 Fighting
 + Level 8.0 Dodging
 + Level 9.7 Unarmed Combat
 - Level 4.1 Spellcasting
 + Level 8.3 Transmutations
 + Level 5.4 Ice Magic
 - Level 3.0 Poison Magic
 - Level 4.1 Invocations


You had 5 spell levels left.
You knew the following spells:

 Your Spells              Type           Power        Failure   Level  Hunger
a - Beastly Appendage     Tmut           ####..       3%          1    None
b - Sticks to Snakes      Tmut           ####....     4%          2    ##.....
c - Spider Form           Tmut/Pois      ###          14%         3    ###....
d - Ice Form              Ice/Tmut       ####....     24%         4    ####...
e - Ozocubu's Armour      Chrm/Ice       ##......     36%         3    ###....

Your spell library contained the following spells:

 Spells                   Type           Power        Failure   Level  Hunger
 Freeze                   Ice            ###...       8%          1    None
 Throw Frost              Conj/Ice       ##....       22%         2    ##.....
 Blade Hands              Tmut           ####......   34%         5    ######.
 Corona                   Hex            #......      36%         1    None
 Shackle                  Hex            #.......     47%         2    ##.....
 Yara's Violent Unravell  Hex/Tmut       ###.......   52%         4    ####...
 False Image              Hex/Summ       #.......     67%         3    ###....
 Inner Flame              Hex/Fire       N/A          67%         3    ###....
 Summon Ice Beast         Ice/Summ       ##......     71%         4    ####...
 Throw Icicle             Conj/Ice       ##......     71%         4    ####...
 Cause Fear               Hex            #.........   95%         4    ####...


Dungeon Overview and Level Annotations

Branches:
Dungeon (9/12)             Temple (1/1) D:4            Lair (0/6) D:8
    Orc: D:8-11

Altars:
Ashenzari
Cheibriados
Dithmenos
Elyvilon
Fedhas
Gozag
Hepliaklqana
Kikubaaqudgha
Lugonu
Makhleb
Nemelex Xobeh
Okawaru
Qazlal
Ru
Sif Muna
Trog
Uskayaw
Vehumet
Wu Jian
Xom
Yredelemnul
Zin
The Shining One

Shops:
D:6 (%   D:7 :


Innate Abilities, Weirdness & Mutations

((You can breathe bolts of dispelling energy.))
((Your rich purple scales are hard. (AC +7)))
You cannot fit into any form of body armour.
((You are cold-blooded and may be slowed by cold attacks.))


Message History

Your crimson imp blinks!
Your ufetubus barely misses the phantasmal warrior.
Your ufetubus closely misses the phantasmal warrior.
Your hellwing hits the phantasmal warrior.
Your hellwing misses the phantasmal warrior.
Your ufetubus hits the phantasmal warrior but does no damage.
Your ufetubus misses the phantasmal warrior.
Your hellwing hits the phantasmal warrior but does no damage.
Your hellwing barely misses the phantasmal warrior.
Your ufetubus barely misses the phantasmal warrior.
Your ufetubus hits the phantasmal warrior but does no damage.
You see here a hound skeleton.
Your hellwing hits the phantasmal warrior but does no damage.
Your hellwing closely misses the phantasmal warrior.
There is a stone staircase leading up here.
Your ufetubus hits the phantasmal warrior.
Your ufetubus closely misses the phantasmal warrior.
The phantasmal warrior blinks!
The phantasmal warrior hits you!!
You die...

#. #.# #^# #.###.#
#.##..# #....##
#..### ###..#
###...##
..##...#÷#
#......sW#
###.####÷###
#.####o..#
##.#...o.##
##....##.#########
......##.#.......#
?.......4#.......#
.........3.......#
..........§....>.#


You could see a phantasmal warrior, an orc warrior, an orc, a friendly hellwing
and a friendly neqoxec.

Vanquished Creatures
  Pikel (D:8)
  An ugly thing (D:9)
  Joseph (D:8)
  Maurice (D:8)
  A gargoyle (D:7)
  3 trolls
  Prince Ribbit (D:8)
  3 hippogriffs
  3 yaks (D:9)
  A wyvern (D:9)
  A hungry ghost (D:8)
  A steam dragon (D:8)
  3 sky beasts
  2 phantoms
  3 ice beasts
  5 ogres
  A necrophage (D:8)
  4 wolves (D:8)
  5 centaurs
  A crocodile (D:8)
  5 bullfrogs
  3 scorpions
  3 killer bees (D:8)
  2 howler monkeys
  3 wights
  5 crimson imps
  2 centaur zombies
  A quasit (D:8)
  7 hounds
  2 jellies
  7 orc wizards
  A bullfrog skeleton (D:5)
  3 orc priests
  2 iguanas
  A centaur skeleton (D:3)
  5 worker ants
  A killer bee zombie (D:6)
  A hound zombie (D:5)
  A hound skeleton (D:7)
  A worker ant zombie (D:6)
  6 gnolls
  10 adders
  A shadow imp (D:5)
  An adder zombie (D:6)
  3 worms
  5 dart slugs
  9 leopard geckos
  21 orcs
  A ball python (D:1)
  2 giant cockroaches (D:1)
  5 goblins
  4 hobgoblins
  18 jackals
  5 quokkas
  4 bats
  3 frilled lizards
  11 kobolds
  6 rats
213 creatures vanquished.

Vanquished Creatures (collateral kills)
  A death knight (D:9)
  A freezing wraith (D:8)
  A wraith (D:9)
  A yak (D:9)
  A wight (D:3)
  2 hounds
  An orc priest (D:9)
  An orc wizard (D:9)
  2 adders
  2 orcs
13 creatures vanquished.

Vanquished Creatures (others)
  A slave (D:8)
  An electric eel (D:8)
  4 toadstools (D:4)
6 creatures vanquished.

Grand Total: 232 creatures vanquished

Notes
Turn   | Place    | Note
-------+----------+-------------------------------------------
     0 | D:1      | RedPan the Draconian Transmuter began the quest for the
                  | Orb.
     0 | D:1      | Reached XP level 1. HP: 16/16 MP: 3/3
   180 | D:1      | Reached XP level 2. HP: 23/23 MP: 5/5
   184 | D:1      | Learned a level 2 spell: Sticks to Snakes
   806 | D:1      | Reached XP level 3. HP: 27/28 MP: 3/6
   831 | D:1      | Learned a level 3 spell: Spider Form
  1564 | D:2      | Reached XP level 4. HP: 35/35 MP: 7/7
  1587 | D:2      | Found a burning altar of Makhleb.
  1606 | D:2      | Became a worshipper of Makhleb the Destroyer
  1665 | D:2      | Found a corrupted altar of Lugonu.
  2480 | D:3      | Reached skill level 1 in Poison Magic
  2480 | D:3      | Reached skill level 1 in Invocations
  2566 | D:3      | Reached XP level 5. HP: 10/40 MP: 3/8
  2934 | D:3      | Found a blossoming altar of Fedhas.
  3285 | D:3      | Reached skill level 5 in Transmutations
  3291 | D:3      | Reached * piety under Makhleb
  3464 | D:3      | Found a faded altar of an unknown god.
  3811 | D:4      | Reached XP level 6. HP: 39/47 MP: 5/9
  3860 | D:4      | Found a deep blue altar of Sif Muna.
  4128 | D:4      | Noticed a sky beast
  4142 | D:4      | HP: 1/47 [something (6)]
  4147 | D:4      | Killed a sky beast
  4636 | D:4      | Your scales start taking on a rich purple colour.
  4636 | D:4      | Reached XP level 7. HP: 38/52 MP: 8/10
  4708 | D:4      | Found a hazy altar of Hepliaklqana.
  5098 | D:4      | Reached skill level 4 in Unarmed Combat
  5631 | D:4      | Noticed a hippogriff
  5644 | D:4      | Killed a hippogriff
  5644 | D:4      | Reached skill level 5 in Unarmed Combat
  5745 | D:4      | Found a staircase to the Ecumenical Temple.
  5913 | Temple   | Entered the Ecumenical Temple
  6186 | D:5      | Entered Level 5 of the Dungeon
  6232 | D:5      | Reached XP level 8. HP: 49/59 MP: 2/11
  6725 | D:5      | Reached skill level 6 in Unarmed Combat
  6897 | D:5      | Found a stormy altar of Qazlal.
  7376 | D:6      | Found Niarghad's Antique Weapon Shop.
  7486 | D:6      | Reached ** piety under Makhleb
  7576 | D:6      | Reached skill level 7 in Unarmed Combat
  7581 | D:6      | Reached skill level 5 in Dodging
  7581 | D:6      | Reached XP level 9. HP: 62/70 MP: 12/12
  8051 | D:6      | Found Arghufue's Food Emporium.
  8215 | D:7      | Found a deep blue altar of Sif Muna.
  8389 | D:7      | Noticed a troll
  8417 | D:7      | Killed a troll
  8563 | D:7      | Found an iron altar of Okawaru.
  8670 | D:7      | Noticed a gargoyle
  8689 | D:7      | Killed a gargoyle
  8689 | D:7      | Reached skill level 8 in Unarmed Combat
  8740 | D:7      | Learned a level 4 spell: Ice Form
  8869 | D:7      | Found Yxacri's Book Shoppe.
  8913 | D:7      | Bought a book of Frost for 490 gold pieces
  8917 | D:7      | Learned a level 3 spell: Ozocubu's Armour
  9045 | D:7      | Found a glowing golden altar of the Shining One.
  9046 | D:7      | Found an opulent altar of Gozag.
  9046 | D:7      | Found a white marble altar of Elyvilon.
  9046 | D:7      | Found a sacrificial altar of Ru.
  9058 | D:7      | Found a bloodstained altar of Trog.
  9058 | D:7      | Found a snail-covered altar of Cheibriados.
  9271 | D:8      | Reached skill level 1 in Ice Magic
  9612 | D:8      | Noticed a troll
  9635 | D:8      | Reached XP level 10. HP: 77/78 MP: 16/16
 10052 | D:8      | Noticed Maurice
 10073 | D:8      | Killed Maurice
 10224 | D:8      | Reached *** piety under Makhleb
 10247 | D:8      | Noticed Pikel
 10261 | D:8      | Killed Pikel
 10261 | D:8      | Reached skill level 9 in Unarmed Combat
 10312 | D:8      | Found a staircase to the Lair.
 10630 | D:8      | Noticed Prince Ribbit
 10631 | D:8      | Noticed Joseph
 10651 | D:8      | Killed Joseph
 10655 | D:8      | Killed Prince Ribbit
 11243 | D:9      | Reached skill level 5 in Ice Magic
 11480 | D:9      | Noticed a death knight
 11507 | D:8      | Reached XP level 11. HP: 58/84 MP: 17/17
 11511 | D:9      | Noticed a brown ugly thing
 11520 | D:9      | Killed a brown ugly thing
 11542 | D:9      | Noticed a phantasmal warrior
 11544 | D:9      | Killed a death knight
 11563 | D:9      | Mangled by a phantasmal warrior

Skill      XL: |  1  2  3  4  5  6  7  8  9 10 11 |
---------------+----------------------------------+-----
Transmutations | 3 4 5 6 8 |  8.3
Poison Magic   | 1 2 3 |  3.0
Invocations    | 1 2 3 4 |  4.1
Unarmed Combat | 5 7 8 9 |  9.7
Dodging        | 2 5 6 7 8 |  8.0
Fighting       | 3 4 |  4.0
Spellcasting   | 4 |  4.1
Ice Magic      | 2 5 |  5.4

Action                   |  1- 3 |  4- 6 |  7- 9 | 10-12 || total
-------------------------+-------+-------+-------+-------++-------
Melee: Unarmed           |   180 |   195 |   403 |   158 ||   936
       Headbutt          |    10 |     5 |       |       ||    15
       Tailslap          |    19 |    23 |       |       ||    42
       Kick              |     9 |    17 |       |       ||    26
       Punch             |     2 |     4 |       |       ||     6
 Cast: Beastly Appendage |    25 |    23 |       |       ||    48
       Sticks to Snakes  |     1 |    13 |    16 |     1 ||    31
       Spider Form       |       |     5 |     8 |     1 ||    14
       Ice Form          |       |       |       |    13 ||    13
       Ozocubu's Armour  |       |       |       |     5 ||     5
Invok: Minor Destruction |       |       |     1 |       ||     1
       Lesser Servant of |       |       |       |     7 ||     7
 Abil: Breathe Dispellin |       |       |     1 |       ||     1
       End Transformatio |       |       |     1 |     1 ||     2
  Use: Scroll            |     3 |     6 |    10 |     1 ||    20
       Potion            |       |     1 |       |     2 ||     3
 Stab: Distracted        |       |     2 |     2 |       ||     4
       Invisible         |       |     1 |       |       ||     1
       Sleeping          |       |       |     1 |       ||     1
  Eat: Chunk             |     3 |     9 |    11 |     8 ||    31
       Ration            |       |     1 |     2 |     1 ||     4
Armor: Skin              |    52 |    49 |    21 |    33 ||   155
Dodge: Dodged            |   130 |   134 |   327 |   123 ||   714
